 Dungeon Crawl Stone Soup version 0.29.1-2-gbd0b4ee654 (webtiles) character file.

Game seed: 7102573488510716877

19505 MisterFreud the Cruncher (level 13, 0/103 HPs)
             Began as a Formicid Gladiator on Oct 23, 2022.
             Was a Priest of Yredelemnul.
             Slain by a 12-headed hydra (5 damage)
             ... on level 12 of the Dungeon.
             The game lasted 00:15:03 (13323 turns).

MisterFreud the Cruncher (Formicid Gladiator)      Turns: 13323, Time: 00:15:04

Health: 0/103      AC: 14    Str: 28    XL:     13   Next: 5%
Magic:  16/22      EV: 13    Int:  8    God:    Yredelemnul [***...]
Gold:   613        SH:  5    Dex: 17    Spells: 12/12 levels left

rFire   . . .      SeeInvis +   B - +0 lajatang (elec)
rCold   . . .      Faith    +   e - +0 buckler
rNeg    . . .      Spirit   .   k - +1 chain mail
rPois   .          Reflect  .   (helmet unavailable)
rElec   +          Harm     .   (no cloak)
rCorr   .          Rampage  .   A - +1 pair of gloves {infuse}
Will    +....                   r - +0 pair of boots
Stlth   ..........              z - amulet of Homuacutz {Faith Fragile rElec Slay+6 SInv}
HPRegen 0.27/turn               s - +4 ring of evasion
MPRegen 0.18/turn               g - +6 ring of strength

@: no status effects
A: permanent stasis, dig shafts and tunnels, antennae 3, four strong arms
a: Dig, Shaft Self, Renounce Religion, Recall Undead Harvest, Dark Bargain


You were on level 12 of the Dungeon.
You worshipped Yredelemnul.
Yredelemnul was pleased with you.
You visited 2 branches of the dungeon, and saw 13 of its levels.

You collected 613 gold pieces.

Inventory:

Hand Weapons
 a - a +0 quarterstaff
 m - a +3 quarterstaff of chaos
 B - a +0 lajatang of electrocution (weapon)
 D - the +9 hammer "ETAOIN SHRDLU" {vorpal, rElec rF+++ Will- Dex+5}
   (You found it on level 6 of the Dungeon)

   It inflicts extra damage upon your enemies.
   Dex:       It affects your dexterity (+5).
   rF:        It renders you almost immune to fire.
   rElec:     It insulates you from electricity.
   Will:      It decreases your willpower.
Missiles
 c - 3 throwing nets (quivered)
 d - 3 javelins
 y - 13 poisoned darts
 J - 8 boomerangs
 K - 7 curare-tipped darts
Armour
 e - a +0 buckler (worn)
 k - a +1 chain mail (worn)
 r - a +0 pair of boots (worn)
 A - a +1 pair of gloves of infusion (worn)
Jewellery
 b - a ring of wizardry
 g - a +6 ring of strength (right hand)
 s - a +4 ring of evasion (left hand)
 z - the amulet of Homuacutz (around neck) {Faith Fragile rElec Slay+6 SInv}
   (You acquired it on level 5 of the Dungeon)

   [amulet of faith]

   It allows you to gain divine favour quickly.
   Slay:      It affects your accuracy & damage with ranged weapons and melee
   (+6).
   rElec:     It insulates you from electricity.
   SInv:      It lets you see invisible.
   Fragile:   It will be destroyed if unequipped.
 E - a ring of wizardry
 M - a ring of resist corrosion
 P - a ring of magical power
 Q - a ring of ice
Wands
 n - a wand of flame (5)
 v - a wand of polymorph (25)
 C - a wand of digging (6)
 H - a wand of light (5)
 I - a wand of paralysis (6)
 N - a wand of roots (9)
Scrolls
 h - 3 scrolls of enchant armour
 t - 2 scrolls of amnesia
 u - 2 scrolls of fear
 x - 4 scrolls of identify
Potions
 f - 2 potions of magic
 i - 3 potions of mutation
 j - 3 potions of flight
 l - 2 potions of brilliance
 o - 3 potions of resistance
 p - 6 potions of curing
 q - 3 potions of lignification
 w - 5 potions of might
 F - 2 potions of heal wounds
 L - a potion of ambrosia
 O - a potion of cancellation
Miscellaneous
 G - a phantom mirror


   Skills:
 - Level 10.0 Fighting
 + Level 13.2 Staves
 - Level 2.0 Throwing
 - Level 5.0 Armour
 - Level 2.6 Dodging
 - Level 4.0 Shields
 - Level 12.0 Invocations
 - Level 8.0 Evocations


You had 12 spell levels left.
You didn't know any spells.
Your spell library contained the following spells:

 Spells                   Type           Power      Damage    Failure   Level
 Beastly Appendage        Tmut           0%         N/A       96%         1
 Sandblast                Erth           0%         2d4       96%         1
 Passwall                 Tmut/Erth      0%         N/A       99%         2
 Wereblood                Tmut           0%         N/A       99%         2
 Dazzling Flash           Conj/Hex       0%         N/A       100%        3
 Spider Form              Tmut/Pois      0%         N/A       100%        3
 Stone Arrow              Conj/Erth      0%         3d7       100%        3
 Tukima's Dance           Hex            0%         N/A       100%        3
 Iskenderun's Mystic Bla  Conj/Tloc      0%         2d3       100%        4
 Passage of Golubria      Tloc           0%         N/A       100%        4
 Alistair's Intoxication  Tmut/Pois      0%         N/A       100%        5
 Borgnjor's Vile Clutch   Necr/Erth      0%         N/A       100%        5
 Manifold Assault         Tloc           0%         N/A       100%        5
 Yara's Violent Unravell  Hex/Tmut       0%         3d3       100%        5
 Eringya's Noxious Bog    Tmut/Pois      0%         N/A       100%        6
 Starburst                Conj/Fire      0%         6d3       100%        6
 Storm Form               Tmut/Air       0%         N/A       100%        7
 Blink                    Tloc           Unusable   N/A       N/A         2

Dungeon Overview and Level Annotations

Branches:
Dungeon (12/15)            Temple (1/1) D:7            Lair (0/5) D:8
    Orc (0/2) D:12

Altars:
Ashenzari
Fedhas
Gozag
Makhleb
Nemelex Xobeh
Okawaru
Qazlal
Sif Muna
Uskayaw
Vehumet
Wu Jian
Xom
Yredelemnul
Zin
The Shining One

Shops:
D:3 [   D:7 [   D:11 =

Portals:
Abyss: D:8

Annotations:
D:4 1 runed translucent door, p0werm0de's ghost, novice OpMo
D:8 2 transporters, p0werm0de's ghost, weakling MeEE
D:9 1 runed translucent door, mopl's ghost, journeyman PaBe


Innate Abilities, Weirdness & Mutations

You cannot be hasted, slowed, berserked, paralysed or teleported.
You can dig through walls and to a lower floor.
You have a pair of large antennae on your head. (SInv)
Your four strong arms can wield two-handed weapons with a shield.


Message History

You can now trade souls for undead servants.
You lop one of the nine-headed hydra's heads off!
The eight-headed hydra grows two more!
You slice the ten-headed hydra!!
The ten-headed hydra is heavily wounded.
The ten-headed hydra barely misses you. The ten-headed hydra bites you. x3
The ten-headed hydra barely misses you. The ten-headed hydra bites you.
The ten-headed hydra completely misses you.
The ten-headed hydra bites you! The ten-headed hydra bites you.
You block the ten-headed hydra's attack.
You are too injured to fight recklessly!
Unknown command.
You are too injured to fight recklessly!
Unknown command.
Unknown command.
You slice one of the ten-headed hydra's heads off!
The nine-headed hydra grows two more!
You slice the 11-headed hydra!!
The 11-headed hydra is severely wounded.
The 11-headed hydra barely misses you.
The 11-headed hydra bites you but does no damage.
The 11-headed hydra misses you. You block the 11-headed hydra's attack.
The 11-headed hydra bites you! You block the 11-headed hydra's attack.
The 11-headed hydra bites you!
* * * LOW HITPOINT WARNING * * *
The 11-headed hydra barely misses you. x2; The 11-headed hydra bites you.
* * * LOW HITPOINT WARNING * * *
The 11-headed hydra bites you but does no damage.
You chop one of the 11-headed hydra's heads off!
The ten-headed hydra grows two more!
You slice the 12-headed hydra!!
The 12-headed hydra is almost dead.
The 12-headed hydra bites you.
* * * LOW HITPOINT WARNING * * *
The 12-headed hydra bites you but does no damage.
The 12-headed hydra bites you.
* * * LOW HITPOINT WARNING * * *
The 12-headed hydra bites you!
* * * LOW HITPOINT WARNING * * *
The 12-headed hydra bites you but does no damage.
The 12-headed hydra bites you.
You die...
Your body rises from the dead as a mindless zombie.

#..####.Z#ZZ........#.####Z#
#........############......#
########'####### ####....Z.#
...............# ...#......#
...Z...........# ...#...Z..#
#.###....##'#####...#......#
#.########......#...###....#
#........#......#.....#.##.#
#........#.....Z@.....#....#
'........#.##..Z#D....#....#
#........#......#.....#Z...#
#####+####.Z.Z..#.....#....#
ZZZ......Z......#######....#
..........#'####...........#
.......[..#....#......####.#
..........#....#......####.#
....#######....#...........#


You could see a 12-headed hydra (ally target), a friendly bound wyvern, a
friendly vampire mosquito zombie, a friendly boulder beetle zombie, a friendly
orc zombie and a friendly deep elf pyromancer zombie.

Vanquished Creatures
  Rupert (D:12)
  Jorgrun (D:12)
  Josephine (D:12)
  Snorg (D:11)
  Fannar (D:12)
  Erica (D:8)
  4 two-headed ogres
  Nergalle (D:11)
  A deep elf pyromancer (D:12)
  A manticore (D:11)
  Maurice (D:8)
  Maggie (D:10)
  A hornet (D:9)
  3 shadows (D:11)
  Sigmund (D:4)
  8 yaks
  5 wraiths
  2 wyverns (D:10)
  Grum (D:8)
  A steam dragon (D:9)
  4 vampire mosquitoes (D:12)
  2 swamp worms (D:8)
  2 water moccasins
  An ice beast (D:8)
  4 orc warriors
  2 sky beasts
  An ogre (D:5)
  A black bear (D:6)
  2 wolves (D:8)
  11 centaurs
  4 phantoms
  2 kobold brigands
  A gnoll sergeant (D:5)
  4 scorpions
  2 wights (D:10)
  5 killer bees (D:9)
  4 howler monkeys
  2 jellies
  3 orc priests
  4 hounds
  2 iguanas
  Natasha (thrice) (D:4)
  Crazy Yiuf (D:6)
  11 orc wizards
  10 gnolls
  6 adders
  2 shadow imps
  An ufetubus (D:5)
  2 worms
  2 dart slugs
  25 orcs
  5 ball pythons
  8 endoplasms
  2 giant cockroaches (D:1)
  4 goblins
  4 hobgoblins
  4 jackals (D:3)
  14 kobolds
  4 quokkas
  2 bats
  3 frilled lizards
  4 rats
217 creatures vanquished.

Vanquished Creatures (collateral kills)
  A boulder beetle (D:12)
  A deep elf pyromancer (D:12)
  2 yaks (D:8)
  2 orc warriors
  A wolf (D:8)
  2 wights (D:10)
  A killer bee (D:9)
  A howler monkey (D:10)
  4 orc wizards
  9 orcs
24 creatures vanquished.

Vanquished Creatures (others)
  2 vampire mosquito zombies (D:12)
  A yak zombie (D:8)
  3 centaur zombies
  3 killer bee zombies (D:9)
  2 human zombies
  8 orc zombies
  4 plants (D:8)
23 creatures vanquished.

Grand Total: 264 creatures vanquished

Notes
Turn   | Place    | Note
-------+----------+-------------------------------------------
     0 | D:1      | MisterFreud the Formicid Gladiator began the quest for the
                  | Orb.
     0 | D:1      | Reached XP level 1. HP: 16/16 MP: 1/1
    79 | D:1      | Found a faded altar of an unknown god.
   114 | D:1      | Reached XP level 2. HP: 22/22 MP: 2/2
   138 | D:1      | Reached skill level 1 in Shields
   705 | D:1      | Reached XP level 3. HP: 26/27 MP: 3/3
  1197 | D:2      | Reached skill level 1 in Armour
  1491 | D:2      | Reached skill level 4 in Staves
  1512 | D:2      | You fall into a shaft and drop 2 floors!
  1519 | D:4      | Found a runed translucent door.
  1519 | D:4      | Noticed p0werm0de's ghost (novice OpMo)
  1545 | D:4      | Reached XP level 4. HP: 29/33 MP: 4/4
  1731 | D:3      | Found Hibi's Antique Armour Boutique.
  1824 | D:3      | Reached XP level 5. HP: 36/38 MP: 5/5
  2916 | D:4      | Noticed Sigmund
  2922 | D:4      | Killed Sigmund
  2923 | D:4      | Reached skill level 5 in Staves
  2923 | D:4      | Reached XP level 6. HP: 37/44 MP: 6/6
  2956 | D:4      | Noticed Natasha
  2979 | D:4      | Killed Natasha
  2999 | D:4      | Reached XP level 7. HP: 31/50 MP: 7/7
  3210 | D:4      | Noticed Natasha
  3218 | D:4      | Killed Natasha
  3238 | D:4      | Reached skill level 6 in Staves
  3417 | D:4      | Noticed Natasha
  3426 | D:4      | Killed Natasha
  3702 | D:5      | Entered Level 5 of the Dungeon
  3848 | D:5      | Reached skill level 5 in Armour
  4207 | D:5      | Reached XP level 8. HP: 58/58 MP: 8/8
  4218 | D:5      | Found an opulent altar of Gozag.
  4907 | D:5      | Found a broken altar of Ashenzari.
  4927 | D:5      | Identified a scroll of acquirement
  4927 | D:5      | Acquired the amulet of Homuacutz {Faith Fragile rElec
                  | Slay+6 SInv}
  4968 | D:5      | Reached skill level 7 in Staves
  5119 | D:5      | Acquired a +0 lajatang of electrocution
  5169 | D:5      | Reached skill level 5 in Fighting
  5204 | D:5      | Reached skill level 8 in Staves
  5204 | D:5      | Reached XP level 9. HP: 41/68 MP: 9/9
  5422 | D:5      | Acquired a +0 pair of gloves of infusion
  5629 | D:6      | Reached skill level 9 in Staves
  5648 | D:7      | Found a blossoming altar of Fedhas.
  5671 | D:7      | Reached skill level 10 in Staves
  5671 | D:7      | Reached skill level 1 in Evocations
  6270 | D:6      | Found a glowing silver altar of Zin.
  6270 | D:6      | Noticed an angel
  6292 | D:6      | Identified the +9 hammer "ETAOIN SHRDLU" {vorpal, rElec
                  | rF+++ Will- Dex+5}
  6293 | D:6      | Found a runed translucent door.
  6294 | D:6      | Noticed Crazy Yiuf
  6306 | D:6      | Killed Crazy Yiuf
  6542 | D:7      | Found a staircase to the Ecumenical Temple.
  6551 | D:7      | Reached skill level 5 in Evocations
  6564 | D:7      | Reached XP level 10. HP: 72/74 MP: 1/10
  6583 | Temple   | Entered the Ecumenical Temple
  6676 | Temple   | Became a worshipper of Yredelemnul the Dark
  6691 | D:7      | Reached * piety under Yredelemnul
  6881 | D:7      | Found Leb Cig's Armour Shoppe.
  6930 | D:7      | Reached ** piety under Yredelemnul
  7399 | D:8      | Noticed a two-headed ogre
  7408 | D:7      | Reached skill level 1 in Invocations
  7477 | D:8      | Found a stormy altar of Qazlal.
  7483 | D:8      | Found an ornate altar of the Wu Jian Council.
  7490 | D:8      | Found a glowing golden altar of the Shining One.
  7490 | D:8      | Found a sparkling altar of Nemelex Xobeh.
  7497 | D:8      | Found a shimmering altar of Xom.
  7500 | D:8      | Identified the +9 dire flail of Fedhas's Pride {speed,
                  | Str+2 Int+4 Dex+3}
  7506 | D:8      | Noticed Maurice
  7512 | D:8      | Noticed Erica
  7517 | D:8      | Killed Maurice
  7523 | D:8      | Killed Erica
  7524 | D:8      | Reached skill level 5 in Invocations
  7531 | D:8      | Your ally Maurice died
  7535 | D:8      | You fall into a shaft and drop 2 floors!
  7535 | D:10     | Entered Level 10 of the Dungeon
  7717 | D:10     | Found a hide-covered altar of Uskayaw.
  7859 | D:9      | Found a runed translucent door.
  7862 | D:9      | Noticed mopl's ghost (journeyman PaBe)
  7902 | D:9      | Found an iron altar of Okawaru.
  7932 | D:9      | Noticed a two-headed ogre
  7936 | D:9      | Killed a two-headed ogre
  7937 | D:9      | Reached XP level 11. HP: 65/79 MP: 11/17
  8005 | D:9      | Found a burning altar of Makhleb.
  8119 | D:9      | Noticed a two-headed ogre
  8126 | D:9      | Killed a two-headed ogre
  8358 | D:9      | Noticed a two-headed ogre
  8366 | D:9      | Killed a two-headed ogre
  8366 | D:9      | Reached *** piety under Yredelemnul
  8367 | D:9      | Reached skill level 10 in Invocations
  8633 | D:8      | Killed a two-headed ogre
  8671 | D:8      | Found a staircase to the Lair.
  8684 | D:8      | Reached **** piety under Yredelemnul
  8944 | D:8      | Reached ***** piety under Yredelemnul
  8952 | D:8      | Noticed Grum
  8961 | D:8      | Killed Grum
  9183 | D:8      | Found the +8 demon trident "Rift" {distort, reach+}
  9207 | D:8      | Noticed a toenail golem
  9251 | D:8      | Found a one-way gate to the infinite horrors of the Abyss.
  9251 | D:8      | Noticed p0werm0de's ghost (weakling MeEE)
  9252 | D:8      | Found a transporter.
  9273 | D:8      | Found a transporter.
  9661 | D:10     | Noticed Maggie
  9672 | D:10     | Killed Maggie
 10218 | D:10     | Your ally Maggie died
 10268 | D:11     | Noticed Nergalle
 10274 | D:11     | Killed Nergalle
 10393 | D:11     | Noticed Snorg
 10401 | D:11     | Killed Snorg
 10402 | D:11     | Reached skill level 11 in Staves
 10402 | D:11     | Reached XP level 12. HP: 63/91 MP: 15/21
 10661 | D:11     | Found Quetiad's Jewellery Shoppe.
 11257 | D:12     | Noticed a boulder beetle
 11270 | D:12     | Killed a boulder beetle
 11709 | D:12     | Noticed Josephine
 11714 | D:12     | Killed Josephine
 11733 | D:12     | Reached skill level 12 in Staves
 12176 | D:12     | Found a staircase to the Orcish Mines.
 12176 | D:12     | Noticed Rupert
 12196 | D:12     | Killed Rupert
 12631 | D:12     | Noticed Jorgrun
 12640 | D:12     | Killed Jorgrun
 12641 | D:12     | Reached skill level 10 in Fighting
 12641 | D:12     | Reached skill level 13 in Staves
 12641 | D:12     | Reached XP level 13. HP: 38/103 MP: 17/22
 12895 | D:12     | Noticed Fannar
 12906 | D:12     | Killed Fannar
 13315 | D:12     | Noticed a six-headed hydra
 13323 | D:12     | HP: 5/103 [12-headed hydra (8)]
 13323 | D:12     | Slain by a 12-headed hydra

Illustrated notes

Levels and vault maps discovered:
D:1:      dpeg_arrival_tiny_h, layout_basic,
          shapermc_ecumenical_altar_mp_highgroup, minivault_19
D:2:      layout_basic, minmay_split_cup_small
D:3:      layout_loops_ring, serial_shops, shop
D:4:      layout_basic, hellmonk_ghost_happy_afterlife, uniq_natasha,
          uniq_sigmund
D:5:      minmay_diamond_boxcup, layout_basic, mainiacjoe_overflow_swirl,
          minmay_fractal_squares_5
D:6:      layout_cave_pools, zin_angel, serial_glass, glass_columns_a,
          glass_columns_c, minmay_misc_feat_rows, uniq_crazy_yiuf_cottage
D:7:      layout_loops_ring, general_overflow_altar,
          minmay_temple_entry_junction, serial_shops,
          nicolae_inconvenience_store, minmay_misc_feat_chi
D:8:      layout_rooms, nicolae_overflow_hallway_of_the_gods, lair_entry_dummy,
          gammafunk_ghost_abyssal_escape, worms_lemuel, uniq_grum, uniq_maurice,
          uniq_erica
D:9:      layout_gridville, mainiacjoe_overflow_brackets,
          overflow_temple_1_default, ebering_ghost_reflecting_pool
D:10:     layout_small_grid, nicolae_uskayaw_dance_hall, uniq_maggie
D:11:     layout_loops_cross, serial_shops, shop, dk_vineyard_3,
          item_on_display_a, uniq_nergalle, uniq_snorg
D:12:     layout_stronghold, david_orc_2, uniq_rupert, uniq_josephine,
          uniq_fannar, uniq_jorgrun
Temple:   compressed_dpeg_circular_temple

Skill      XL: |  1  2  3  4  5  6  7  8  9 10 11 12 |
---------------+-------------------------------------+-----
Shields        | 1 2 3 4 |  4.0
Armour         | 1 2 3 5 |  5.0
Staves         | 4 5 6 8 10 11 13 | 13.2
Fighting       | 3 5 7 10 | 10.0
Evocations     | 5 8 |  8.0
Invocations    | 8 12 | 12.0
Throwing       | |  2.0
Dodging        | |  2.6

Action                   |  1- 3 |  4- 6 |  7- 9 | 10-12 | 13-15 || total
-------------------------+-------+-------+-------+-------+-------++-------
Melee: Quarterstaff      |    77 |    89 |   142 |       |       ||   308
       Lajatang          |       |       |    90 |   246 |    15 ||   351
Invok: Bind Soul         |       |       |       |     1 |       ||     1
       Recall Undead Har |       |       |       |     1 |       ||     1
 Abil: Dig               |       |       |       |     1 |       ||     1
       Shaft Self        |       |       |       |     1 |       ||     1
  Use: Scroll            |     4 |     4 |    15 |     5 |     1 ||    29
       Potion            |       |       |       |     2 |       ||     2
 Stab: Sleeping          |     1 |       |       |       |       ||     1
       Distracted        |       |       |       |     3 |     1 ||     4
       Invisible         |       |       |       |     2 |       ||     2
Armor: Leather armour    |     3 |       |       |       |       ||     3
       Chain mail        |    29 |    31 |    65 |    87 |    12 ||   224
Dodge: Dodged            |    30 |    62 |   119 |   151 |    10 ||   372
Block: Buckler           |     9 |    19 |    56 |    51 |     7 ||   142
